Map: Ascension to Aiur LE

Players

Zanster - Winner!

  • Race: Zerg Zerg
  • Spawn Location: 11:00

SpeCial

  • Race: Terran Terran
  • Spawn Location: 5:00

Event: WCS Montreal 2017

VOD

Have the link to the VOD?

Description

Time

  • Played on: Sept. 8, 2017, 5:19 p.m.
  • Length: 12:21

All games in this series

Show
View Real Time Build Order
Export as new Build Order

Zanster Zerg - Winner!

Build Orders: Hatch First 

Get SALT Encoding   

  12  0:00  Drone  
  13  0:12  Overlord  
  13  0:16  Drone  
  14  0:31  Drone x2  
  14  0:35  Drone  
  17  0:52  Hatchery  
  17  0:55  Drone  
  17  0:58  Drone  
  18  1:10  Extractor  
  17  1:12  Spawning Pool  
  17  1:15  Drone  
  17  1:19  Drone  
  18  1:28  Drone  
  19  1:39  Drone  
  20  1:50  Overlord  
  20  2:00  Queen  
  22  2:04  Queen  
  22  2:05  Zergling x4  
  26  2:09  Metabolic Boost  
  26  2:12  Zergling x2  
  27  2:27  Hatchery  
  27  2:28  Drone  
  27  2:30  Drone  
  27  2:33  Drone  
  27  2:36  Drone  
  30  2:38  Drone  
  31  2:46  Queen  
  33  2:52  Overlord  
  33  2:55  Drone  
  33  2:56  Drone  
  35  2:59  Drone  
  37  3:12  Drone  
  37  3:13  Drone  
  37  3:14  Drone  
  37  3:15  Drone x3  
  37  3:16  Drone x2  
  37  3:19  Overlord  
  44  3:30  Overlord  
  44  3:37  Queen  
  46  3:41  Queen  
  46  3:46  Zergling x14  
  55  3:49  Zergling x2  
  55  3:50  Zergling x2  
  55  3:52  Zergling x2  
  58  3:56  Overlord  
  57  4:03  Drone x4  
  61  4:12  Drone x3  
  64  4:17  Zergling x2  
  64  4:22  Zergling x10  
  69  4:25  Overlord  
  61  4:39  Drone x5  
  61  4:41  Drone  
  61  4:53  Drone x3  
  61  4:57  Drone, Hatchery  
  63  5:01  Drone  
  63  5:02  Drone  
  63  5:06  Drone  
  66  5:07  Evolution Chamber  
  66  5:08  Evolution Chamber  
  66  5:12  Drone x2  
  66  5:15  Drone x3  
  66  5:16  Drone  
  70  5:22  Drone  
  70  5:23  Drone x5  
  70  5:26  Overlord  
  77  5:28  Drone  
  77  5:34  Zerg Ground Armor Level 1  
  77  5:35  Drone x2  
  79  5:37  Drone  
  79  5:40  Extractor  
  79  5:41  Extractor  
  78  5:46  Drone x4  
  78  5:47  Zerg Melee Weapons Level 1  
  78  5:48  Overlord  
  82  5:51  Extractor, Drone x5  
  85  6:01  Zergling x6  
  84  6:07  Zergling x6  
  81  6:12  Zergling x8  
  81  6:18  Zergling x16  
  88  6:22  Baneling Nest  
  88  6:25  Extractor  
  91  6:26  Zergling x6  
  91  6:30  Overlord  
  94  6:33  Lair  
  95  6:40  Zergling x12  
  95  6:41  Hatchery  
  95  6:43  Overlord  
  95  6:45  Zergling x8  
  95  6:46  Zergling x2  
  104  6:50  Zergling x8  
  107  6:54  Overlord  
  107  6:58  Overlord  
  106  7:02  Drone x2  
  106  7:03  Drone x3  
  106  7:08  Drone x5  
  112  7:12  Drone  
  112  7:13  Drone  
  112  7:14  Drone  
  118  7:19  Baneling x3  
  118  7:20  Baneling x7  
  118  7:21  Drone x2  
  120  7:23  Overlord  
  120  7:27  Zergling x12  
  126  7:31  Zerg Ground Armor Level 2  
  126  7:35  Spore Crawler  
  123  7:47  Centrifical Hooks  
  123  7:48  Zerg Melee Weapons Level 2  
  123  7:49  Hydralisk Den, Drone x2  
  123  7:50  Drone x3  
  123  7:51  Drone x3  
  130  7:52  Overlord  
  130  7:53  Extractor  
  121  8:17  Drone x3  
  121  8:18  Overlord  
  124  8:20  Muscular Augments, Hydralisk x7  
  124  8:21  Zergling x2, Hydralisk x2  
  124  8:22  Zergling x12  
  124  8:23  Overlord  
  146  8:28  Drone x3  
  146  8:29  Drone x2  
  146  8:30  Baneling  
  146  8:33  Baneling x2  
  149  8:35  Overlord  
  149  8:40  Zergling x2  
  149  8:41  Zergling x8  
  153  8:46  Baneling  
  153  8:47  Baneling x9  
  150  8:50  Zergling x6  
  150  8:51  Zergling x8  
  157  8:59  Zergling x12  
  157  9:01  Overlord  
  156  9:05  Infestation Pit  
  156  9:08  Zergling x10  
  156  9:09  Zergling x2  
  161  9:11  Overlord  
  159  9:17  Drone x4  
  159  9:22  Hydralisk x4  
  159  9:23  Zergling x2  
  171  9:33  Zergling x14  
  171  9:35  Overlord  
  171  9:37  Overseer  
  178  9:40  Zergling x12  
  178  9:45  Zergling x4  
  185  9:47  Zerg Missile Weapons Level 1  
  185  9:51  Hatchery  
  178  9:58  Drone  
  178  9:59  Drone x5  
  178  10:01  Spore Crawler  
  178  10:06  Hydralisk x7  
  178  10:07  Zergling x2  
  178  10:08  Overseer  
  178  10:10  Spore Crawler  
  178  10:12  Spire  
  178  10:14  Hive  
  187  10:15  Overlord  
  187  10:16  Extractor  
  187  10:17  Extractor  
  187  10:20  Zergling x18  
  187  10:21  Pneumatized Carapace  
  194  10:22  Overlord  
  194  10:25  Queen  
  195  10:28  Baneling x6  
  195  10:29  Baneling x2  
  195  10:36  Zergling x8  
  188  10:46  Zergling x26  
  185  10:58  Zergling x18  
  185  11:04  Baneling x16  
  189  11:05  Baneling x5  
  189  11:07  Drone x2  
  189  11:08  Drone  
  192  11:16  Zergling x16  
  200  11:20  Baneling  
  200  11:21  Baneling x9  
  198  11:34  Zergling x2  
  193  11:42  Baneling x3  
  193  11:43  Zergling x10, Baneling x3  
  193  11:44  Zergling x10  
  193  11:47  Overlord  
  189  12:00  Zergling x30  
Show
View Real Time Build Order
Export as new Build Order

SpeCial Terran 

Build Orders: Reaper Expand, MMM Bio 

Get SALT Encoding   

  12  0:00  SCV  
  13  0:12  SCV  
  14  0:18  Supply Depot  
  14  0:24  SCV  
  15  0:40  SCV  
  15  0:42  Barracks  
  16  0:45  Refinery  
  16  0:52  SCV  
  17  1:04  SCV  
  18  1:16  SCV  
  19  1:30  Orbital Command, Reaper  
  20  1:40  Command Center  
  20  1:49  Supply Depot  
  20  1:56  SCV  
  21  2:01  Marine  
  21  2:07  Factory  
  22  2:09  SCV  
  23  2:21  SCV  
  24  2:24  Barracks Reactor  
  24  2:33  SCV  
  25  2:42  Command Center  
  25  2:46  SCV  
  26  2:53  Orbital Command  
  26  2:58  SCV  
  26  3:04  Hellion x2  
  31  3:07  Barracks Tech Lab  
  31  3:10  SCV  
  32  3:19  SCV  
  33  3:22  SCV  
  33  3:24  Supply Depot  
  34  3:28  Marine, Hellion x2  
  34  3:32  SCV  
  40  3:34  SCV  
  40  3:37  Stimpack  
  41  3:45  SCV  
  41  3:47  SCV  
  43  3:52  Barracks  
  43  3:56  Orbital Command, Barracks  
  43  3:57  Factory Reactor  
  43  3:59  SCV  
  44  4:03  Marine, Refinery  
  44  4:05  SCV  
  46  4:11  SCV  
  47  4:17  SCV  
  47  4:18  Engineering Bay  
  47  4:23  SCV, Engineering Bay  
  49  4:24  SCV  
  49  4:29  SCV  
  47  4:36  Marine  
  48  4:43  Marine x2  
  35  4:46  Marine  
  35  4:52  Starport  
  29  4:53  SCV x2  
  29  4:54  Marine  
  29  4:57  Factory Reactor  
  31  5:01  Marine x2  
  31  5:03  Orbital Command  
  31  5:05  SCV, Engineering Bay  
  35  5:11  Marine  
  35  5:12  Supply Depot, SCV  
  37  5:19  Marine x2  
  37  5:20  SCV  
  39  5:21  Marine  
  39  5:22  Marine  
  41  5:28  Orbital Command  
  41  5:29  Marine  
  41  5:32  Supply Depot, SCV, Terran Infantry Weapons Level 1  
  43  5:36  Marine  
  43  5:37  Marine  
  43  5:39  Marine x2  
  49  5:44  SCV  
  49  5:47  Marine  
  49  5:49  Medivac x2  
  53  5:54  Marine, SCV x2  
  53  5:55  Marine  
  53  5:57  Marine x2, SCV  
  60  6:06  SCV x2  
  60  6:08  Marine  
  60  6:09  SCV  
  64  6:12  Marine  
  64  6:14  Supply Depot  
  64  6:18  Marine x3, SCV x2  
  67  6:19  Combat Shields  
  67  6:21  SCV  
  67  6:22  Liberator  
  71  6:27  Medivac  
  71  6:30  SCV x2  
  71  6:31  Refinery  
  71  6:32  Refinery  
  75  6:33  SCV  
  75  6:36  Marine  
  75  6:37  Supply Depot  
  80  6:40  Marine x2  
  80  6:41  Marine  
  80  6:43  SCV  
  80  6:45  Marine  
  85  6:58  Marine x2  
  85  6:59  SCV x3  
  85  7:00  Supply Depot  
  90  7:07  Engineering Bay  
  90  7:08  Armory, Factory Reactor  
  90  7:09  Marine x2  
  90  7:11  Orbital Command, SCV  
  93  7:22  Marine  
  94  7:23  SCV x2  
  94  7:24  Medivac x2  
  94  7:28  Marine  
  101  7:32  Supply Depot  
  101  7:36  Supply Depot  
  101  7:44  Terran Infantry Armor Level 1  
  101  7:53  Barracks, Marine x5, SCV  
  101  7:54  SCV x2  
  101  7:55  Barracks  
  109  7:58  Medivac x2  
  111  8:05  Widow Mine  
  111  8:06  Widow Mine  
  111  8:11  Marine x3  
  111  8:12  SCV x2  
  114  8:14  SCV  
  112  8:23  Marine x2  
  114  8:28  SCV  
  114  8:29  Marine  
  114  8:31  Terran Infantry Weapons Level 2  
  114  8:32  Marine  
  117  8:41  Supply Depot, Barracks Reactor  
  117  8:42  Supply Depot  
  117  8:44  Marine x2  
  117  8:45  Widow Mine x2  
  117  8:47  Marine  
  116  8:50  Marine  
  116  8:51  Supply Depot, Barracks Reactor  
  117  9:00  Marine  
  117  9:02  Marine  
  103  9:07  Marine  
  103  9:08  Marine  
  103  9:16  Refinery  
  102  9:18  Marine  
  102  9:20  Marine, SCV x2  
  102  9:21  Marine x2  
  104  9:24  Command Center  
  104  9:25  Marine x2  
  104  9:29  Refinery  
  106  9:32  Factory, Siege Tank  
  106  9:36  Marine x4  
  106  9:38  Marine x3  
  114  9:39  Marine  
  114  9:43  Marine x2  
  118  9:53  Marine  
  118  9:54  Marine x3  
  118  9:56  Marine x2  
  118  9:59  Terran Vehicle Weapons Level 1, Terran Infantry Armor Level 2  
  119  10:02  Marine x2  
  119  10:05  Liberator, Siege Tank  
  124  10:08  Marine  
  124  10:10  Marine  
  124  10:11  Marine x2  
  124  10:12  Marine x2  
  124  10:14  SCV x3  
  133  10:15  Liberator  
  133  10:16  Factory Tech Lab  
  133  10:17  Sensor Tower  
  133  10:19  Marine x2  
  133  10:20  Marine  
  133  10:21  Marine  
  136  10:26  Marine  
  141  10:30  Supply Depot  
  141  10:31  Supply Depot  
  141  10:32  Marine x4  
  141  10:34  Marine  
  149  10:39  Marine  
  149  10:40  Marine  
  149  10:42  Siege Tank x2, Marine  
  148  10:44  SCV x2  
  148  10:47  SCV  
  142  10:52  Marine x3  
  142  10:56  Marine  
  145  10:57  Marine  
  145  11:03  Marine  
  147  11:09  Command Center  
  147  11:11  Marine  
  149  11:14  SCV x3  
  151  11:22  Siege Tank  
  151  11:23  Siege Tank  
  151  11:24  Barracks Tech Lab  
  151  11:25  Barracks Tech Lab  
  157  11:30  Supply Depot  
  157  11:39  Marine  
  157  11:40  Marine x2  
  157  11:46  Marine  
  157  11:47  Marine x3  
  157  11:50  Marauder  
  137  11:56  Marine  
  137  11:58  Marine x2  
Tags
 
Add a new tag
Caveats
  • Supply blocks, unpowered buildings, or Contaminate may cause inaccurate times.
  • Supply counts are checked every 10 seconds.